Map: Cañón polvoriento

Players

MrFercho

  • Race: Zerg Zerg
  • League: Silver
  • Spawn Location: 3:00

TATORREA

  • Race: Protoss Protoss
  • League: Silver
  • Spawn Location: 5:00

dave - Winner!

  • Race: Terran Terran
  • League: Silver
  • Spawn Location: 11:00

silvano - Winner!

  • Race: Terran Terran
  • League: Gold
  • Spawn Location: 9:00

VOD

Have the link to the VOD?

Description

Time

  • Played on: May 28, 2020, 8:36 p.m.
  • Length: 22:05
Show
View Real Time Build Order
Export as new Build Order

MrFercho Zerg 

Build Orders: Pool First 

Get SALT Encoding   

  12  0:04  Drone  
  13  0:26  Extractor  
  12  0:31  Extractor  
  12  0:33  Drone x3  
  16  1:26  Spawning Pool  
  16  1:31  Hatchery  
  16  1:32  Overlord x3  
  14  1:49  Extractor  
  14  1:54  Extractor, Drone  
  13  2:15  Queen  
  13  2:18  Hatchery  
  13  2:19  Drone  
  13  2:20  Drone  
  16  2:29  Zergling x2  
  17  2:46  Drone  
  17  2:49  Drone x2  
  21  2:58  Drone x2  
  21  3:02  Metabolic Boost  
  22  3:10  Evolution Chamber  
  21  3:18  Drone  
  21  3:19  Drone  
  23  3:30  Queen  
  23  3:33  Drone  
  26  3:40  Drone x3  
  29  4:01  Zerg Ground Armor Level 1  
  29  4:08  Baneling Nest  
  28  4:16  Zergling x12  
  34  4:32  Drone x3  
  37  4:43  Zergling x10  
  37  4:44  Zergling x2  
  43  4:53  Lair  
  43  5:02  Drone x2  
  43  5:07  Extractor  
  44  5:10  Extractor  
  43  5:18  Zergling x12  
  49  5:33  Drone  
  49  5:35  Overlord x2  
  50  5:53  Centrifical Hooks  
  50  5:56  Zerg Ground Armor Level 2  
  50  6:01  Drone x2  
  52  6:13  Baneling  
  52  6:14  Baneling x8  
  52  6:15  Baneling  
  52  6:16  Baneling  
  50  6:34  Baneling  
  50  6:35  Baneling x10  
  50  7:02  Zergling x2  
  50  7:03  Zergling x18  
  47  7:39  Zergling x10  
  47  7:40  Zergling x8  
  42  8:00  Queen  
  42  8:02  Drone x2  
  46  8:08  Drone  
  46  8:09  Drone x4  
  42  8:28  Zergling x2  
  42  8:29  Zergling x8  
  47  8:39  Zerg Missile Weapons Level 1  
  47  8:49  Spine Crawler  
  47  8:53  Baneling x10, Spine Crawler  
  45  9:01  Hatchery  
  44  9:12  Drone  
  44  9:13  Drone x2  
  42  10:20  Spire  
  41  10:25  Nydus Network  
  40  10:30  Hydralisk Den  
  39  10:43  Zerg Missile Weapons Level 2  
  39  10:59  Hydralisk x4  
  39  11:00  Hydralisk x12  
  39  11:02  Overlord x2  
  39  11:03  Overlord x2  
  71  11:16  Grooved Spines  
  71  11:24  Burrow, Pneumatized Carapace  
  71  11:43  Overseer  
  71  12:10  Hatchery  
  71  12:13  Extractor  
  71  12:15  Extractor  
  68  12:20  Infestation Pit  
  67  12:25  Drone x4  
  67  12:26  Drone x11  
  67  12:27  Muscular Augments  
  82  13:02  Mutalisk  
  82  13:03  Mutalisk x5  
  94  13:41  Hive  
  94  13:57  Mutalisk  
  94  13:58  Mutalisk x7  
  110  14:04  Overlord x4  
  110  14:22  Queen  
  112  14:28  Zerg Flyer Armor Level 1  
  104  14:58  Lurker Den  
  103  15:04  Mutalisk  
  103  15:05  Mutalisk x11  
  125  15:39  Zerg Missile Weapons Level 3  
  125  15:48  Mutalisk x4  
  125  15:49  Mutalisk  
  135  16:02  Lurker x4  
  135  16:03  Lurker x3  
  142  16:08  Overlord x4  
  142  16:09  Overlord  
  82  16:56  Mutalisk  
  82  16:57  Mutalisk x8  
  70  17:59  Hatchery  
  70  18:00  Hatchery  
  52  18:24  Hydralisk x4  
  52  18:32  Roach Warren  
  43  19:15  Roach  
  43  19:16  Roach x8  
  59  19:45  Lair  
  51  20:02  Spawning Pool  
  50  20:08  Roach x6  
  50  20:09  Roach x3  
  68  20:48  Nydus Network  
  67  20:53  Spire  
  66  21:09  Zergling x2  
  66  21:10  Zergling x10  
  72  21:47  Nydus Canal  
Show
View Real Time Build Order
Export as new Build Order

TATORREA Protoss 

Build Orders:  

Get SALT Encoding   

  12  0:03  Probe  
  13  0:18  Probe  
  14  0:21  Pylon  
  14  0:30  Probe  
  15  0:36  Assimilator  
  15  0:42  Probe  
  16  0:53  Gateway  
  16  0:54  Probe  
  17  1:06  Probe  
  17  1:11  Pylon  
  18  1:18  Probe  
  19  1:29  Gateway  
  19  1:31  Probe  
  20  1:40  Forge  
  20  1:43  Probe  
  20  1:44  Assimilator  
  21  1:56  Probe  
  21  1:57  Zealot  
  24  2:20  Protoss Ground Weapons Level 1  
  24  2:25  Gateway, Zealot  
  24  2:27  Zealot  
  28  2:42  Cybernetics Core  
  28  2:45  Pylon  
  28  3:09  Pylon  
  28  3:12  Pylon  
  28  3:14  Warp Gate  
  28  3:18  Gateway, Zealot  
  30  3:26  Zealot  
  32  3:31  Zealot  
  34  3:45  Stalker  
  36  3:53  Stalker  
  38  3:58  Stalker  
  40  4:11  Twilight Council  
  40  4:14  Stalker  
  42  4:30  Protoss Shields Level 1 (Chrono Boost)  
  42  4:45  Charge (Chrono Boost)  
  42  5:11  Nexus  
  42  5:14  Stalker  
  44  5:25  Stalker  
  44  5:26  Stalker  
  48  5:34  Stalker  
  50  5:53  Probe  
  51  6:05  Probe  
  52  6:17  Probe  
  53  6:24  Protoss Ground Weapons Level 2 (Chrono Boost)  
  53  6:28  Stalker x2  
  53  6:29  Stalker, Probe  
  60  6:33  Zealot  
  62  6:41  Probe  
  63  6:53  Probe x2  
  65  7:05  Probe x2  
  57  7:17  Probe x2  
  53  7:29  Probe x2  
  39  7:50  Probe x2  
  37  7:57  Stalker x3  
  37  7:58  Stalker  
  45  8:02  Probe x2  
  47  8:08  Gateway  
  47  8:09  Gateway  
  47  8:11  Gateway  
  47  8:14  Gateway, Probe x2  
  47  8:19  Assimilator  
  49  8:23  Assimilator  
  49  8:26  Probe x2  
  51  8:29  Zealot  
  51  8:31  Zealot  
  51  8:32  Zealot  
  51  8:33  Zealot  
  59  8:38  Probe  
  60  8:45  Protoss Ground Armor Level 1  
  60  8:51  Stalker x2  
  60  8:52  Stalker  
  60  8:53  Stalker  
  68  9:08  Zealot  
  70  9:18  Pylon  
  70  9:22  Pylon x2  
  70  9:29  Pylon  
  70  9:32  Nexus  
  70  9:39  Pylon  
  70  9:46  Stalker x3  
  70  9:47  Stalker x3  
  44  10:39  Zealot x3  
  44  10:40  Zealot x3  
  44  10:41  Zealot x2  
  60  10:53  Protoss Ground Weapons Level 3  
  60  10:56  Probe x2  
  60  10:57  Probe  
  63  11:08  Probe x2  
  63  11:09  Probe  
  66  11:13  Assimilator  
  66  11:17  Assimilator  
  66  11:19  Zealot x3  
  66  11:20  Probe, Zealot  
  66  11:21  Pylon, Probe  
  66  11:24  Pylon  
  76  11:27  Pylon  
  76  11:30  Pylon  
  76  11:36  Stargate  
  76  11:39  Stargate  
  76  11:44  Robotics Facility  
  76  11:49  Pylon  
  76  11:52  Pylon  
  76  11:55  Pylon  
  76  12:09  Pylon  
  76  12:12  Pylon  
  76  12:15  Probe x3  
  78  12:22  Stalker x2  
  83  12:23  Stalker  
  83  12:25  Void Ray  
  83  12:27  Probe  
  90  12:33  Observer  
  91  12:38  Zealot x2  
  91  12:39  Zealot  
  91  12:40  Zealot  
  91  12:41  Zealot  
  93  12:54  Immortal  
  80  13:19  Assimilator  
  80  13:21  Probe x2  
  82  13:29  Photon Cannon  
  82  13:30  Photon Cannon  
  82  13:32  Photon Cannon  
  82  13:33  Probe x2  
  84  13:34  Photon Cannon  
  84  13:35  Stalker x2  
  84  13:36  Stalker  
  84  13:38  Photon Cannon x2  
  84  13:40  Stalker  
  92  13:45  Probe x2  
  94  13:50  Immortal  
  98  14:06  Fleet Beacon  
  98  14:09  Robotics Bay  
  98  14:12  Pylon  
  98  14:18  Pylon  
  98  14:21  Pylon  
  98  14:31  Nexus  
  66  15:05  Zealot x3  
  66  15:06  Zealot x3  
  66  15:07  Zealot x2  
  80  15:12  Tempest x2  
  92  15:17  Colossus  
  86  15:41  Assimilator  
  86  15:42  Assimilator  
  86  15:55  Carrier  
  86  15:56  Carrier  
  98  16:11  Colossus  
  72  16:43  Extended Thermal Lance  
  72  16:49  Zealot x4  
  72  16:50  Zealot x4  
  72  16:52  Protoss Ground Armor Level 2 (Chrono Boost)  
  88  17:11  Protoss Air Weapons Level 1  
  41  18:26  Carrier x2 (Chrono Boost)  
  46  18:34  Observer  
  46  18:38  Stalker  
  48  19:08  Observer  
  48  19:29  Immortal  
  49  20:04  Void Ray x2 (Chrono Boost)  
  57  20:33  Void Ray (Chrono Boost)  
  57  20:36  Void Ray (Chrono Boost)  
  65  21:04  Void Ray (Chrono Boost)  
  65  21:05  Void Ray (Chrono Boost)  
Show
View Real Time Build Order
Export as new Build Order

dave Terran - Winner!

Build Orders:  

Get SALT Encoding   

  12  0:01  SCV  
  13  0:18  Supply Depot  
  13  0:19  SCV  
  14  0:31  SCV  
  15  0:43  SCV  
  15  0:44  Barracks  
  15  0:48  Refinery  
  16  0:55  SCV  
  17  1:07  SCV  
  18  1:22  SCV  
  19  1:32  Supply Depot  
  19  1:38  Orbital Command  
  19  1:41  Marine  
  19  2:17  Barracks Reactor  
  19  2:23  SCV  
  19  2:24  Command Center  
  19  2:29  Refinery  
  20  2:38  Factory, SCV  
  21  2:50  SCV  
  22  2:54  Marine  
  22  2:55  Marine  
  24  3:02  SCV  
  25  3:12  Marine x2  
  25  3:15  SCV  
  28  3:27  SCV  
  29  3:31  Factory Tech Lab  
  29  3:48  Starport  
  29  3:52  SCV  
  30  4:03  Supply Depot  
  30  4:04  SCV  
  31  4:16  SCV  
  32  4:22  SCV  
  33  4:28  SCV  
  34  4:35  SCV  
  35  4:42  Medivac  
  35  4:43  Barracks  
  37  4:46  Hellion x2  
  37  4:51  Supply Depot  
  41  4:53  SCV x2  
  43  5:01  Supply Depot  
  43  5:02  Supply Depot  
  43  5:03  Engineering Bay  
  43  5:05  Marine, SCV x2  
  46  5:07  Hellion  
  46  5:08  Hellion  
  46  5:10  Stimpack  
  50  5:14  Supply Depot  
  50  5:17  SCV  
  51  5:23  Marine  
  51  5:25  Starport Tech Lab  
  52  5:29  Hellion x2  
  52  5:34  Barracks Tech Lab  
  56  5:40  Marine  
  57  5:50  Hellion x2, Terran Infantry Weapons Level 1  
  57  5:53  SCV  
  57  5:54  SCV  
  63  5:58  Marine  
  63  6:03  Refinery  
  64  6:05  SCV  
  64  6:06  Refinery  
  64  6:09  Supply Depot  
  65  6:15  Barracks  
  65  6:16  Marine  
  66  6:30  SCV x2  
  66  6:32  Supply Depot  
  68  6:34  Marine  
  68  6:35  Marine  
  68  6:36  Marine  
  71  6:42  SCV  
  71  6:43  SCV  
  73  6:49  Combat Shield  
  73  6:52  Marine x2  
  75  6:54  Marine  
  75  6:59  Armory  
  63  7:59  Marine  
  63  8:00  Marine x2  
  63  8:03  Barracks Reactor  
  66  8:10  Starport  
  57  8:17  Marine  
  57  8:18  Marine x2  
  59  8:35  Marine x2  
  59  8:36  Marine  
  59  8:41  Siege Tank  
  65  8:48  Medivac  
  67  8:53  Marine x3  
  70  8:56  Missile Turret  
  70  8:58  Missile Turret  
  70  9:10  Sensor Tower  
  70  9:11  Marine x3  
  70  9:13  Siege Tank  
  76  9:18  Medivac  
  76  9:20  Command Center, Marine x2  
  80  9:28  Marine  
  80  9:29  Marine x2  
  83  9:32  Sensor Tower  
  83  9:38  Marine x2  
  85  9:46  Marine  
  85  9:47  Marine x2  
  85  9:50  Siege Tank  
  91  9:54  Starport Reactor  
  91  10:05  Starport  
  91  10:13  Starport  
  91  10:17  Factory  
  91  10:22  Siege Tank  
  94  10:44  Barracks  
  94  10:53  SCV x2  
  94  10:55  Barracks, Marine x3  
  94  10:56  Marine x2  
  101  10:58  Terran Infantry Armor Level 1  
  101  11:05  SCV x2  
  101  11:11  Armory, Engineering Bay, Terran Vehicle Weapons Level 1  
  103  11:13  Marine x5  
  103  11:17  SCV  
  109  11:24  Missile Turret  
  109  11:30  Marine  
  109  11:31  Marine x2, Starport Tech Lab  
  112  11:44  Cloaking Field  
  112  11:46  Banshee, Missile Turret  
  115  12:00  Supply Depot x2  
  115  12:06  Banshee  
  115  12:07  SCV x2  
  120  12:09  Orbital Command  
  120  12:14  Marine x3  
  120  12:15  Marine x2  
  125  12:21  Barracks Tech Lab, SCV x2  
  125  12:22  Barracks Reactor  
  127  12:24  Supply Depot  
  127  12:25  Supply Depot  
  127  12:29  Banshee  
  130  12:31  Terran Infantry Weapons Level 2  
  130  12:32  Marine x2  
  132  12:40  Terran Ship Weapons Level 1  
  132  12:47  Supply Depot, SCV x3  
  132  12:49  Banshee  
  138  12:58  Sensor Tower  
  138  13:16  Banshee  
  138  13:17  Command Center  
  141  13:31  Marine x4, Banshee  
  148  13:36  SCV  
  148  13:37  SCV x2  
  151  13:45  Sensor Tower, Refinery  
  151  13:50  Refinery  
  151  13:59  Banshee  
  154  14:14  Banshee  
  154  14:42  Banshee  
  157  15:43  Marine  
  157  15:44  Marine x7  
  165  16:01  Marine  
  162  16:38  Factory Tech Lab  
  128  17:08  Banshee x2  
  134  17:09  Marine x5  
  134  17:10  Marine x3  
  129  17:27  Marine x6  
  129  17:28  Marine x2  
  126  17:44  Marine  
  126  17:45  Marine x3  
  126  17:50  Banshee  
  130  17:56  Marine  
  130  17:57  Marine x3  
  134  18:02  Marine  
  134  18:03  Marine x3  
  134  18:04  Planetary Fortress  
  138  18:14  Marine x2  
  140  18:31  Banshee  
  140  18:33  Banshee  
  146  19:04  Siege Tank x2  
  152  19:13  Banshee  
  152  19:16  Banshee  
  158  19:19  Starport Reactor  
  158  19:21  Terran Infantry Weapons Level 3, Terran Infantry Armor Level 2  
  158  19:23  Terran Vehicle Weapons Level 2  
  158  19:25  Terran Vehicle And Ship Armor Level 1  
  158  19:36  Siege Tank x2  
  140  19:55  Viking x2  
  140  19:56  Medivac x2, Banshee  
  140  19:57  Marine  
  140  19:58  Marine x7  
  140  19:59  Banshee  
  162  20:12  Supply Depot  
  162  20:14  Supply Depot  
  162  20:15  Marine x2  
  162  20:16  Supply Depot  
  162  20:19  Refinery  
  162  20:20  Supply Depot  
  164  20:22  Supply Depot  
  164  20:24  Refinery  
  164  20:25  Medivac  
  166  20:39  Banshee  
  166  20:42  Banshee  
  172  21:22  Orbital Command  
Show
View Real Time Build Order
Export as new Build Order

silvano Terran - Winner!

Build Orders:  

Get SALT Encoding   

  12  0:01  SCV  
  13  0:13  SCV  
  14  0:25  Supply Depot, SCV  
  15  0:33  Refinery  
  15  0:46  SCV  
  16  0:50  Barracks  
  16  0:58  SCV  
  17  1:07  Supply Depot  
  17  1:13  SCV  
  18  1:25  SCV  
  19  1:37  Barracks Reactor, Refinery  
  19  1:38  Orbital Command  
  19  2:07  Command Center  
  19  2:13  SCV  
  20  2:27  Marine  
  20  2:28  Factory  
  21  2:30  Marine  
  21  2:33  SCV  
  23  2:45  Marine, SCV  
  23  2:47  Marine  
  26  2:57  SCV  
  27  3:03  Marine  
  27  3:05  Marine  
  28  3:09  SCV  
  28  3:11  Factory Tech Lab  
  30  3:16  Starport  
  30  3:20  Marine  
  30  3:21  SCV  
  30  3:23  Marine  
  33  3:32  SCV  
  34  3:38  Marine, Siege Tank  
  34  3:41  Marine  
  39  3:53  Starport Tech Lab  
  39  3:56  Barracks  
  39  4:00  SCV x2  
  41  4:08  Marine x2  
  43  4:18  Factory Reactor  
  43  4:29  Marine x2  
  45  4:42  Supply Depot  
  45  4:57  Factory Reactor  
  45  5:00  Barracks  
  45  5:02  Stimpack  
  45  5:03  Medivac, Marine  
  48  5:08  Marine x2  
  50  5:20  SCV  
  50  5:21  Marine  
  51  5:22  Orbital Command  
  51  5:26  Marine  
  51  5:27  Supply Depot  
  53  5:29  Marine  
  54  5:49  Supply Depot, Marine x2  
  56  5:58  Marine  
  56  5:59  Marine  
  56  6:01  Starport Reactor  
  58  6:08  SCV x2  
  60  6:12  Supply Depot  
  60  6:13  Marine x2, Refinery  
  60  6:14  Combat Shield  
  62  6:20  Engineering Bay, SCV  
  63  6:30  Marine x2  
  63  6:31  SCV  
  66  6:34  SCV  
  66  6:35  Marine  
  66  6:39  Medivac  
  71  6:40  Medivac  
  72  6:51  Marine  
  72  6:52  Marine  
  72  6:53  Marine x2  
  72  6:54  Marine  
  76  7:01  Supply Depot, Terran Infantry Weapons Level 1  
  77  7:04  SCV  
  77  7:05  Supply Depot  
  78  7:08  Refinery  
  75  7:18  Siege Tank, SCV  
  75  7:20  Marine  
  52  7:23  SCV  
  48  7:30  SCV  
  48  7:35  SCV  
  47  7:38  Marine  
  47  7:42  SCV  
  40  7:56  Marine  
  41  8:02  Factory Tech Lab  
  41  8:08  Barracks  
  41  8:14  Marine  
  42  8:28  SCV x2  
  42  8:32  Marine  
  45  8:36  Siege Tank  
  48  8:47  Command Center  
  48  8:48  Supply Depot  
  48  8:49  Supply Depot, Marine  
  49  8:56  Medivac  
  49  8:59  Barracks Reactor  
  51  9:03  Barracks  
  51  9:06  SCV x2  
  51  9:07  Marine  
  51  9:08  Siege Tank  
  57  9:18  SCV  
  57  9:19  Supply Depot, Terran Infantry Armor Level 1  
  58  9:25  Marine  
  59  9:43  Marine  
  60  9:47  Supply Depot  
  60  9:51  Marine x2  
  60  9:52  Marine  
  63  9:53  Supply Depot  
  63  9:55  SCV  
  63  9:56  Supply Depot  
  63  9:57  Supply Depot  
  63  9:58  SCV  
  65  10:01  Supply Depot, Marine  
  66  10:09  Marine x3  
  69  10:17  Factory  
  69  10:18  Marine  
  68  10:27  Marine x3  
  63  10:36  Marine  
  64  10:44  Marine  
  64  10:45  Marine x2  
  64  10:46  Planetary Fortress  
  67  10:51  Supply Depot  
  67  10:54  Marine  
  67  10:55  Siege Tank  
  71  11:02  Marine x2  
  71  11:03  Supply Depot, Armory  
  74  11:06  Barracks Reactor  
  74  11:08  Supply Depot  
  74  11:10  Supply Depot  
  73  11:12  Marine, SCV  
  73  11:13  SCV  
  73  11:17  Factory Tech Lab  
  76  11:20  Marine x2  
  76  11:22  Medivac x2  
  82  11:27  Siege Tank  
  82  11:30  Marine  
  86  11:38  Marine x2  
  88  11:47  Factory  
  88  11:57  Marine x4  
  88  11:58  Marine  
  93  12:02  SCV  
  93  12:06  Refinery  
  93  12:07  SCV x2  
  93  12:08  Refinery  
  96  12:15  Supply Depot  
  96  12:20  Marine x3, Missile Turret  
  96  12:21  Marine x2  
  96  12:22  Siege Tank  
  105  12:37  SCV x3  
  105  12:38  Marine x3  
  94  13:09  Marine x4  
  94  13:10  Marine  
  97  13:15  Siege Tank x2  
  97  13:16  Factory Tech Lab  
  103  13:22  Supply Depot  
  103  13:24  Missile Turret  
  103  13:27  Marine  
  103  13:28  Marine  
  103  13:29  Marine x3  
  103  13:33  Missile Turret  
  108  13:35  Siege Tank  
  108  13:37  Sensor Tower  
  108  13:39  Supply Depot  
  108  13:40  SCV x2  
  113  13:45  Marine  
  113  13:46  Marine  
  115  13:49  Marine x2  
  115  13:55  Marine  
  117  14:02  Marine  
  118  14:04  Marine  
  118  14:09  Marine  
  121  14:25  Missile Turret  
  121  14:27  Supply Depot  
  121  14:56  Medivac x2  
  124  15:26  Medivac  
  126  15:34  Marine  
  126  15:35  Marine x4  
  131  15:47  Command Center, Siege Tank x2  
  131  15:48  Medivac  
  139  15:52  Marine x2  
  139  15:53  Marine x3  
  139  15:54  Missile Turret  
  144  16:07  Barracks  
  144  16:09  Factory  
  144  16:14  Marine x3  
  144  16:15  Marine x2  
  144  16:17  Missile Turret  
  149  16:32  Marine x3  
  150  16:33  Marine x2  
  150  16:38  Missile Turret  
  154  16:50  Marine  
  154  16:52  Marine x4  
  154  16:53  Siege Tank  
  154  16:54  Siege Tank x2  
  165  16:55  Medivac x2  
  172  17:08  Marine  
  173  17:09  Marine  
  173  17:13  Marine, SCV x3  
  173  17:14  Marine x2  
  169  17:25  Medivac  
  143  17:43  Marine x5  
  134  18:00  Marine  
  134  18:01  Marine x4  
  129  18:27  Marine  
  129  18:28  Marine x4  
  129  18:31  Factory Tech Lab  
  134  18:39  Supply Depot  
  134  18:41  Barracks Reactor  
  134  18:42  Supply Depot  
  134  18:43  Starport  
  134  18:45  Marine x2  
  134  18:46  Marine x3  
  139  18:50  SCV x2  
  141  19:01  Supply Depot  
  141  19:03  Marine x3  
  141  19:04  Marine x2  
  146  19:18  Marine  
  146  19:19  Marine  
  146  19:21  Marine x2  
  146  19:23  Marine x3  
  152  19:36  Marine x2  
  153  19:39  Marine x2  
  153  19:41  Marine  
  156  19:59  Viking x2  
  160  20:03  Starport Reactor  
  160  20:07  Starport  
  160  20:10  Starport  
  160  20:27  Missile Turret  
  160  20:29  SCV  
  161  20:39  Marine x5  
  161  20:40  Marine x2  
  168  20:43  Viking  
  168  20:47  Starport Reactor  
  170  20:50  Starport Reactor  
  170  20:53  Viking x2  
  170  20:57  Marine  
  174  21:02  Command Center, Refinery  
  174  21:03  Marine x4  
  174  21:04  Refinery  
  179  21:17  Marine x3  
  182  21:30  Missile Turret  
  182  21:50  Missile Turret  
Tags
 
Add a new tag
Caveats
  • Supply blocks, unpowered buildings, or Contaminate may cause inaccurate times.
  • Supply counts are checked every 10 seconds.